 Dungeon Crawl Stone Soup version 0.32-a0-913-g739538afd8 (webtiles) character file.

Game seed: 7898317427194085406

12 HilariousDeathArtist the Gusty (level 2, 0/19 HPs)
             Began as a Coglin Air Elementalist on Apr 9, 2024.
             Slain by a jackal (1 damage)
             ... on level 1 of the Dungeon.
             The game lasted 00:00:51 (358 turns).

HilariousDeathArtist the Gusty (CoAE)                Turns: 358, Time: 00:00:51

Health: 0/19       AC:  2    Str:  8    XL:     2   Next: 33%
Magic:  0/5        EV: 11    Int: 14    God:
Gold:   0          SH:  0    Dex: 14    Spells: 5/6 levels left

rFire   . . .        (no weapon)
rCold   . . .        (no shield)
rNeg    . . .        a - +0 robe
rPois   .            (no helmet)
rElec   .            (no cloak)
rCorr   .            (no gloves)
SInv    .            (no boots)
Will    .....        (amulet unavailable)
Stlth   ++           (ring unavailable)
HPRegen 0.23/turn    (ring unavailable)
MPRegen 0.09/turn    (no gizmo)

%: no passive effects
@: attractive, revved
A: off-hand wielding, slow wielding, warmup strikes, no jewellery
a: Invent Gizmo


You were on level 1 of the Dungeon.
You visited 1 branch of the dungeon, and saw 1 of its levels.

Inventory:

Hand Weapons
 c - a +0 dagger
   (You took it off a goblin on level 1 of the Dungeon)
Armour
 a - a +0 robe (worn)
Potions
 M - a potion of magic


   Skills:
 - Level 1.7 Dodging
 - Level 1.5 Stealth
 + Level 2.5 Spellcasting
 - Level 0.8 Conjurations
 - Level 2.6 Air Magic


You had 5 spell levels left.
You knew the following spells:

 Your Spells              Type           Power      Damage    Failure   Level
a - Shock                 Conj/Air       24%        1d4       11%         1

Your spell library contained the following spells:

 Spells                   Type           Power      Damage    Failure   Level
 Static Discharge         Conj/Air       12%        3-4/arc   17%         2
 Swiftness                Air            9%         N/A       22%         3
 Airstrike                Air            4%         2d(1-17)  58%         4


Dungeon Overview and Level Annotations

Branches:
Dungeon (1/15)

Altars:


Innate Abilities, Weirdness & Mutations

You can wield a second weapon in your off-hand.
It takes a long time for you to wield or remove held weapons.
Your first few attacks do less damage.
You cannot equip rings or amulets.


Message History

A jackal is nearby!
A jackal is nearby!
A jackal comes into view.
The jackal barks! x2; You hear a bark!
A jackal comes into view.
Press: ? - help, Shift-Dir - straight line The zap hits the jackal. x3
The jackal barks!
The zap hits the jackal.
You kill the jackal!
You hear a bark!
A kobold comes into view. It is wielding a +0 short sword.
You have reached level 2!
Health restored: 19
Press: ? - help, Shift-Dir - straight line, f - kobold
Aim: a kobold, wielding a +0 short sword (wandering, hasn't noticed you, 55% to hit)
The zap hits the jackal.
The zap misses the jackal.
The zap hits the kobold.
The kobold shouts!
You hear a bark!
The jackal bites you. x2
A jackal comes into view.
You take 2 damage, and have 17/19 hp.
You now have 2/5 mp.
Press: ? - help, Shift-Dir - straight line, p - kobold The zap hits the jackal.
You kill the jackal!
The zap hits the jackal. x2
The jackal barks!
The zap misses the jackal.
You hear a bark!
You now have 1/5 mp.
Unknown command.
Press: ? - help, Shift-Dir - straight line The zap hits the jackal but does no damage.
The zap hits the jackal.
A jackal comes into view.
The jackal misses you.
You now have 0/5 mp.
You don't have enough magic to cast this spell.
You hit the jackal but do no damage. The jackal completely misses you.
The jackal barely misses you.
You closely miss the jackal. The jackal bites you.
You take 2 damage, and have 15/19 hp.
You closely miss the jackal. The jackal misses you.
The jackal barely misses you.
You hit the jackal.
You kill the jackal!
You closely miss the jackal. The jackal barely misses you.
You closely miss the jackal. The jackal completely misses you.
The jackal bites you.
You take 1 damage, and have 14/19 hp.
You hit the jackal but do no damage. The jackal misses you.
You closely miss the jackal. The jackal bites you.
The jackal barely misses you.
You take 1 damage, and have 14/19 hp.
You hit the jackal but do no damage. The jackal bites you.
You take 2 damage, and have 12/19 hp.
You hit the jackal.
You kill the jackal!
You hit the kobold but do no damage. The kobold barely misses you.
Press: ? - help, Shift-Dir - straight line The zap misses the kobold.
The zap hits the jackal but does no damage.
The kobold barely misses you.
You now have 0/5 mp.
You hit the kobold but do no damage.
The kobold hits you with a +0 short sword.
You take 1 damage, and have 12/19 hp.
You closely miss the kobold. The kobold misses you.
You hit the kobold but do no damage.
The kobold hits you with a +0 short sword.
You take 3 damage, and have 9/19 hp.
You closely miss the kobold. The kobold misses you.
You barely miss the kobold.
The kobold hits you with a +0 short sword.
You take 2 damage, and have 7/19 hp.
You hit the kobold but do no damage. The kobold closely misses you.
You completely miss the kobold.
The kobold hits you with a +0 short sword.
* * * LOW HITPOINT WARNING * * *
You take 4 damage, and have 3/19 hp.
MASSIVE DAMAGE!!
Okay, then.
You barely miss the kobold.
The kobold hits you with a +0 short sword.
* * * LOW HITPOINT WARNING * * *
You take 2 damage, and have 2/19 hp.
Press: ? - help, Shift-Dir - straight line The zap hits the kobold.
You kill the kobold!
The zap hits the jackal.
You now have 0/5 mp.
Unknown command.
You closely miss the jackal. The jackal misses you. The jackal bites you.
* * * LOW HITPOINT WARNING * * *
You barely miss the jackal. The jackal bites you.
* * * LOW HITPOINT WARNING * * *
You take 1 damage, and have 1/19 hp.
It was a potion of attraction.
You feel attractive to monsters. The jackal bites you.
You die...

#..#####.####.###
#........# #.# ##.#######
##'## #.# ##...## #.##
##.....# #..## ##.......
.#.########...####........
......†.h........+........
ß#.######@....####........
#.##.## ##....... #.####
##.....# ###.#### ##...##
#......# ##+## #.#.##.#
#.# #.#.##.##### #.#
#.#........# ##.##
#.####.###.# ##...##


You could see a jackal.

Vanquished Creatures
  A dart slug (D:1)
  A goblin (D:1)
  4 jackals (D:1)
  A bat (D:1)
  A frilled lizard (D:1)
  A kobold (D:1)
  A rat (D:1)
10 creatures vanquished.

Notes
Turn   | Place    | Note
-------+----------+-------------------------------------------
     0 | D:1      | HilariousDeathArtist the Coglin Air Elementalist began the
                  | quest for the Orb.
     0 | D:1      | Reached XP level 1. HP: 13/13 MP: 3/3
   111 | D:1      | Reached skill level 2 in Spellcasting
   330 | D:1      | Reached XP level 2. HP: 19/19 MP: 3/5
   351 | D:1      | HP: 3/19 [kobold/+0 short sword (4)]
   356 | D:1      | HP: 2/19 [jackal (1)]
   358 | D:1      | Slain by a jackal

Illustrated notes

Levels and vault maps discovered:
D:1:      grunt_arrival_crossed_arrows, layout_loops_corners,
          hellmonk_ecumenical_altar_arch_garden

Skill      XL: |  1 |
---------------+----+-----
Spellcasting   | 2 |  2.5
Dodging        | |  1.7
Stealth        | |  1.5
Conjurations   | |  0.8
Air Magic      | |  2.6

Action                     || total
---------------------------++-------
  Melee: Unarmed           ||    22
   Cast: Shock             ||    15
    Use: Potion            ||     1
 Armour: Robe              ||    16
  Dodge: Dodged            ||    16

Table legend: (Time is in decaauts)
 A = Elapsed time spent in this place.
 B = Non-inter-level travel time spent in this place.
 C = Inter-level travel time spent in this place.
 D = Time resting spent in this place.
 E = Time spent auto-exploring this place.
 F = Levels seen in this place.
 G = Mean time per level.
                   A        B        C        D        E       F      G
               +--------+--------+--------+--------+--------+-----+--------+
         Total |    358 |    358 |      0 |      9 |    287 |   1 |  358.0 |
       Dungeon |    358 |    358 |      0 |      9 |    287 |   1 |  358.0 |
               +--------+--------+--------+--------+--------+-----+--------+

Top non-repeatable levels by time:
     D:1: 358 daAuts

Levels and vault maps discovered:
D:1:      grunt_arrival_crossed_arrows, layout_loops_corners,
          hellmonk_ecumenical_altar_arch_garden

Table legend: (Time is in decaauts)
 A = Elapsed time spent in this place.
 B = Non-inter-level travel time spent in this place.
 C = Inter-level travel time spent in this place.
 D = Time resting spent in this place.
 E = Time spent auto-exploring this place.
 F = Levels seen in this place.
 G = Mean time per level.
                   A        B        C        D        E       F      G
               +--------+--------+--------+--------+--------+-----+--------+
         Total |    358 |    358 |      0 |      9 |    287 |   1 |  358.0 |
       Dungeon |    358 |    358 |      0 |      9 |    287 |   1 |  358.0 |
               +--------+--------+--------+--------+--------+-----+--------+

Top non-repeatable levels by time:
     D:1: 358 daAuts

Table legend:
 A = Kills in this place as a percentage of kills in the entire game.
 B = Kills by you in this place as a percentage of kills by you in the entire game.
 C = Kills by friends in this place as a percentage of kills by friends in the entire game.
 D = Other kills in this place as a percentage of other kills in the entire game.
 E = Experience gained in this place as a percentage of experience gained in the entire game.
 F = Experience gained in this place divided by the number of levels of this place that you have seen.
                   A       B       C       D       E      F
               +-------+-------+-------+-------+-------+----------------------
         Total | 100.0 | 100.0 |   N/A |   N/A | 100.0 |  18.0
       Dungeon | 100.0 | 100.0 |   N/A |   N/A | 100.0 |  18.0
               +-------+-------+-------+-------+-------+----------------------
